 Dungeon Crawl Stone Soup version 0.26-a0-498-g0fdccc9 (webtiles) character file.

Game seed: 5867505317882556200

72862 maehogjeogin the Spear-Bearer (level 15, -15/107 HPs)
             Began as an Octopode Fighter on Aug 6, 2020.
             Was the Champion of Fedhas.
             Demolished by a stone giant (31 damage)
             ... on level 1 of the Orcish Mines.
             The game lasted 01:17:43 (26813 turns).

maehogjeogin the Spear-Bearer (Octopode Fighter)   Turns: 26813, Time: 01:17:44

Health: -15/107    AC:  9    Str: 17    XL:     15   Next: 41%
Magic:  33/33      EV: 17    Int: 11    God:    Fedhas [******]
Gold:   1517       SH: 18    Dex: 11    Spells: 19/27 levels left

rFire    . . .     SeeInvis .   a - +3 trident of Ashenzari {elec, rElec rN+ MR+++ Str-5}
rCold    . . .     Faith    .   b - +1 kite shield
rNeg     + . .     Spirit   .   D - +2 hat
rPois    +         Reflect  +   e - amulet of reflection
rElec    +         Harm     .   v - +4 ring of protection
rCorr    +                      I - ring of resist corrosion
MR       ++++.                  r - ring of wizardry
Stlth    +++++.....             J - ring of poison resistance
HPRegen  1.07/turn              U - ring of magical power
MPRegen  0.23/turn              (no ring)
                                (no ring)
                                (no ring)

@: marked
A: almost no armour, stealthy swim, amphibious, 8 rings, constrict 8, slimy
green scales 1, camouflage 1, blurry vision 1, regeneration 2, gelatinous body 1
a: Wall of Briars, Grow Ballistomycete, Overgrow, Grow Oklob, Renounce Religion


You were on level 1 of the Orcish Mines.
You worshipped Fedhas.
Fedhas was exalted by your worship.
You visited 3 branches of the dungeon, and saw 22 of its levels.
You also visited: Sewer and Ice Cave.

You collected 1517 gold pieces.

Inventory:

Hand Weapons
 a - the +3 trident of Ashenzari (weapon) {elec, rElec rN+ MR+++ Str-5}
   (You found it on level 10 of the Dungeon)

   Occasionally, upon striking a foe, it will discharge some electrical energy
   and cause terrible harm.
   It affects your strength (-5).
   It insulates you from electricity.
   It protects you from negative energy.
   It affects your resistance to hostile enchantments.
 F - the +1 trident of Imbalance {chaos, rF+ Dex+2}
   (You found it on level 8 of the Dungeon)

   Each time it hits an enemy it has a different, random effect.
   It affects your dexterity (+2).
   It protects you from fire.
 K - the +11 spear of the Wary Allies {freeze, *Slow rN++ Int+5}
   (You took it off an orc on level 9 of the Dungeon)

   It has been specially enchanted to freeze those struck by it, causing extra
   injury to most foes and up to half again as much damage against particularly
   susceptible opponents.
   It can also slow down cold-blooded creatures.
   It affects your intelligence (+5).
   It greatly protects you from negative energy.
   It may slow you when you take damage.
 M - a +7 broad axe
Missiles
 j - 22 poisoned darts (quivered)
 C - 2 curare-tipped darts
 L - 15 boomerangs
 O - 5 javelins
 W - 2 throwing nets
Armour
 b - a +1 kite shield (worn)
 D - a +2 hat (worn)
Jewellery
 e - an amulet of reflection (around mantle)
 r - a ring of wizardry (on tentacle)
 v - a +4 ring of protection (left tentacle)
 I - a ring of resist corrosion (right tentacle)
 J - a ring of poison resistance (on tentacle)
 R - an uncursed ring of ice
 U - a ring of magical power (on tentacle)
Wands
 p - a wand of digging (16)
 u - a wand of disintegration (6)
 y - a wand of paralysis (18)
 E - a wand of flame (67)
Scrolls
 c - 2 scrolls of immolation
 d - 15 scrolls of remove curse
 h - 2 scrolls of identify
 k - 2 scrolls of enchant weapon
 m - 6 scrolls of teleportation
 q - 6 scrolls of enchant armour
 s - 6 scrolls of blinking
 w - 3 scrolls of magic mapping
 x - 3 scrolls of fear
 H - a scroll of fog
Potions
 f - 9 potions of curing
 g - a potion of magic
 i - 2 potions of cancellation
 l - 7 potions of haste
 o - 5 potions of flight
 t - 2 potions of brilliance
 z - a potion of stabbing
 A - 4 potions of resistance
 B - 3 potions of ambrosia
 G - a potion of lignification
 N - a potion of berserk rage
 X - 2 potions of heal wounds
 Z - 2 potions of invisibility
Miscellaneous
 P - a tin of tremorstones (3/3)
 S - a phantom mirror
 T - a box of beasts (3/3)
 Y - a phantom mirror


   Skills:
 + Level 11.4 Fighting
 + Level 13.3 Polearms
 - Level 6.0 Throwing
 + Level 9.9 Dodging
 - Level 8.0 Stealth
 + Level 11.2 Shields
 * Level 6.6 Spellcasting
 - Level 3.0 Air Magic
 - Level 8.0 Poison Magic
 - Level 8.7 Invocations


You had 19 spell levels left.
You knew the following spells:

 Your Spells              Type           Power        Failure   Level
a - Swiftness             Air            ##......     5%          2
b - Poisonous Vapours     Pois/Air       ###...       1%          2
c - Olgreb's Toxic Radia  Pois           ###.....     4%          4

Your spell library contained the following spells:

 Spells                   Type           Power        Failure   Level
 Sting                    Tmut/Pois      ##..         2%          1
 Shock                    Conj/Air       #...         6%          1
 Mephitic Cloud           Conj/Pois/Air  ##......     9%          3
 Corona                   Hex            #......      12%         1
 Magic Dart               Conj           #...         12%         1
 Ignite Poison            Fire/Tmut/Pois #.......     12%         3
 Ensorcelled Hibernation  Hex/Ice        #.....       17%         2
 Searing Ray              Conj           #.....       17%         2
 Static Discharge         Conj/Air       #.......     19%         3
 Confusing Touch          Hex            #.......     32%         3
 Dazzling Flash           Conj/Hex       #.....       32%         3
 Tukima's Dance           Hex            #.......     32%         3
 Airstrike                Air            ##........   32%         4
 Fulminant Prism          Conj/Hex       #.........   71%         4
 Ice Form                 Ice/Tmut       #.......     71%         4
 Iskenderun's Mystic Bla  Conj/Tloc      #.......     71%         4
 Lightning Bolt           Conj/Air       #.........   85%         5
 Bolt of Magma            Conj/Fire/Erth #.........   96%         5
 Iskenderun's Battlesphe  Conj           #.......     96%         5
 Metabolic Englaciation   Hex/Ice        #.........   96%         5
 Freezing Cloud           Conj/Ice/Air   #.........   100%        6
 Iron Shot                Conj/Erth      #.........   100%        6
 Ozocubu's Refrigeration  Ice            #.........   100%        6
 Simulacrum               Ice/Necr       #.........   100%        6
 Orb of Destruction       Conj           #.........   100%        7
 Spellforged Servitor     Conj/Summ      #.........   100%        7


Dungeon Overview and Level Annotations

Branches:
Dungeon (15/15)            Temple (0/1) D:4            Lair (6/6) D:10
  Swamp (0/4) Lair:2       Spider (0/4) Lair:3        Slime (0/5) Lair:6
    Orc (1/2) D:11          Sewer (visited)           IceCv (visited)
 Vaults: D:13-14     Depths: D:15

Altars:
Ashenzari
Dithmenos
Elyvilon
Fedhas
Hepliaklqana
Makhleb
Nemelex Xobeh
Okawaru
Qazlal
Ru
Trog
Uskayaw
Vehumet
Wu Jian
Zin
The Shining One
Beogh

Shops:
D:7 (   D:10 :

Portals:
Trove: D:11 (give 5 potions of resistance)

Annotations:
D:3 2 transporters
D:5 exclusion: downstairs
D:7 exclusion: downstairs
Lair:5 exclusion: 2 downstairs


Innate Abilities, Weirdness & Mutations

You cannot wear most types of armour.
You are very stealthy in the water. (Stealth+)
You are amphibious.
You can wear up to eight rings at the same time.
You can use your tentacles to constrict eight enemies at once.
Your skin changes colour to match your surroundings (Stealth+).
Your rubbery body absorbs attacks. (AC +1, EV +1)
You are partially covered in slimy green scales. (AC +2)
Scrolls take you a little longer to read.
You heal very quickly.


Message History

The stone giant completely misses you. You block the warg's attack.
You hit the stone giant.
The stone giant is severely wounded.
An orc warrior comes into view. It is wielding a +0 flail.
The stone giant hits you!!!
* * * LOW HITPOINT WARNING * * *
You hit the stone giant but do no damage.
Lightning courses through the stone giant!
The stone giant is almost dead.
The warg bites you.
* * * LOW HITPOINT WARNING * * *
An orc comes into view. It is wielding a -3 trident.
You block the orc's attack.
You hit the stone giant.
The stone giant is almost dead.
You block the warg's attack.
The orc warrior pulls the alarm!
The alarm trap emits a blaring wail!
The mark upon you grows brighter. The stone giant hits you!!
You die...
Fedhas appreciates your contribution to the ecosystem.

#..### ...#.#
###.....##
##.........
#..........
##.>........
#......(....
##..o@).#
#.o.ohC.#
....o.......#....
#.#.....$.o..#....
###....o.o.# ..$
##.......# ..
##........ .
##.#o.....
##.......


You could see a stone giant, a warg, 4 orc warriors and 4 orcs.

Vanquished Creatures
  Frances (D:14)
  A storm dragon (D:14)
  A war gargoyle (D:14)
  6 dire elephants
  A white draconian (IceCv)
  3 hydras
  An ice dragon (Lair:6)
  A centaur warrior (D:11)
  2 two-headed ogres
  A queen ant (Lair:3)
  A deep troll earth mage (D:11)
  5 death yaks
  An anaconda (Lair:6)
  Urug (Lair:3)
  Nergalle (D:11)
  A wizard (D:11)
  An unseen horror (D:11)
  A lindwurm (shapeshifter) (D:14)
  8 ugly things
  A cyclops (D:11)
  A deep elf mage (D:11)
  3 black mambas (Lair:6)
  15 elephants
  15 cane toads
  3 centaur zombies
  A gargoyle (D:11)
  3 rime drakes
  A kobold demonologist (D:14)
  7 komodo dragons
  3 meliai (D:12)
  A tyrant leech (shapeshifter) (D:11)
  12 polar bears
  3 trolls
  4 jumping spiders (Lair:3)
  A hornet (D:9)
  6 slime creatures
  9 hippogriffs
  17 blink frogs
  3 redbacks (Lair:3)
  38 yaks
  3 wraiths
  2 wyverns
  3 basilisks
  A steam dragon (D:7)
  A swamp worm (Lair:2)
  2 wargs (D:10)
  9 soldier ants
  12 water moccasins
  Duvessa (D:3)
  4 porcupines
  16 orc warriors
  3 black bears
  3 sky beasts
  3 ice beasts
  24 wolves
  4 phantoms
  An eye of draining (D:3)
  7 ogres
  3 centaurs
  8 crocodiles
  6 big kobolds
  15 bullfrogs
  A wyvern zombie (D:14)
  Dowan (D:3)
  2 wyvern skeletons
  6 scorpions
  5 killer bees (D:11)
  15 wights
  A howler monkey (D:5)
  An electric eel (D:6)
  A bullfrog zombie (D:4)
  10 hounds
  2 jellies
  5 bullfrog skeletons
  A centaur skeleton (D:6)
  17 orc priests
  14 orc wizards
  2 iguanas
  32 worker ants
  2 hound zombies (D:6)
  A hound skeleton (D:11)
  A gnoll (D:3)
  A howler monkey skeleton (D:10)
  14 adders
  2 river rats (Sewer)
  A shadow imp (D:7)
  5 white imps
  An ufetubus (D:8)
  An ooze (D:1)
  3 worms
  A dart slug (D:2)
  8 leopard geckos
  74 orcs
  2 ball pythons
  5 giant cockroaches
  9 hobgoblins
  15 jackals
  7 quokkas
  7 bats
  5 frilled lizards
  6 goblins
  A jackal skeleton (D:4)
  A jackal zombie (D:9)
  31 kobolds
  A leopard gecko skeleton (D:4)
  6 rats
  A ballistomycete spore (D:14)
644 creatures vanquished.

Vanquished Creatures (collateral kills)
  A black mamba (Lair:5)
  A worker ant (Lair:3)
  53 ballistomycete spores
55 creatures vanquished.

Vanquished Creatures (others)
  A rime drake (IceCv)
  4 polar bears (IceCv)
  2 ballistomycete spores
  15 fungi
  10 plants
32 creatures vanquished.

Grand Total: 731 creatures vanquished

Notes
Turn   | Place    | Note
-------+----------+-------------------------------------------
     0 | D:1      | maehogjeogin the Octopode Fighter began the quest for the
                  | Orb.
     0 | D:1      | Reached XP level 1. HP: 16/16 MP: 1/1
   105 | D:1      | Reached XP level 2. HP: 21/21 MP: 2/2
   561 | D:1      | Reached XP level 3. HP: 26/26 MP: 3/3
  1106 | D:2      | Found a radiant altar of Vehumet.
  1267 | D:2      | Reached XP level 4. HP: 31/31 MP: 4/4
  1510 | D:2      | Found a blossoming altar of Fedhas.
  1816 | D:2      | Found a hazy altar of Hepliaklqana.
  1874 | D:2      | Became a worshipper of Fedhas Madash
  2121 | D:2      | Reached skill level 3 in Polearms
  2509 | D:3      | Reached XP level 5. HP: 36/36 MP: 5/5
  2587 | D:3      | Found a glowing drain.
  2605 | Sewer    | Entered a sewer
  2848 | Sewer    | Noticed a big kobold
  2856 | Sewer    | Killed a big kobold
  2856 | Sewer    | Reached skill level 4 in Polearms
  2856 | Sewer    | Reached XP level 6. HP: 43/43 MP: 6/6
  2861 | Sewer    | Reached * piety under Fedhas
  3128 | Sewer    | Found a white marble altar of Elyvilon.
  3299 | D:3      | Found a transporter.
  3325 | D:3      | Found a transporter.
  3391 | D:3      | Found a bloodstained altar of Trog.
  3391 | D:3      | Noticed an eye of draining
  3621 | D:3      | Killed an eye of draining
  3878 | D:4      | Noticed Duvessa
  3878 | D:4      | Noticed Dowan
  3936 | D:4      | Reached skill level 5 in Polearms
  3936 | D:4      | Reached XP level 7. HP: 44/48 MP: 7/7
  4299 | D:3      | Killed Duvessa
  4304 | D:3      | Killed Dowan
  4520 | D:4      | Found a staircase to the Ecumenical Temple.
  4744 | D:4      | Found a shadowy altar of Dithmenos.
  4762 | D:4      | Found a stormy altar of Qazlal.
  4867 | D:4      | Gained mutation: You occasionally shout uncontrollably at
                  | your foes. [potion of mutation]
  4867 | D:4      | Gained mutation: You passively map a small area around you.
                  | [potion of mutation]
  4887 | D:5      | Entered Level 5 of the Dungeon
  4916 | D:5      | Reached skill level 6 in Polearms
  4998 | D:5      | Reached XP level 8. HP: 48/54 MP: 8/8
  5046 | D:5      | Found an iron altar of Okawaru.
  5065 | D:5      | Reached skill level 1 in Throwing
  5517 | D:5      | Reached skill level 5 in Shields
  5600 | D:5      | Reached ** piety under Fedhas
  5600 | D:5      | Reached skill level 5 in Dodging
  6696 | D:6      | Reached skill level 7 in Polearms
  6700 | D:5      | Reached skill level 5 in Fighting
  7353 | D:7      | Reached skill level 1 in Invocations
  7353 | D:7      | Reached XP level 9. HP: 61/61 MP: 9/9
  7355 | D:7      | Found a glowing golden altar of the Shining One.
  7647 | D:7      | Found a white marble altar of Elyvilon.
  7812 | D:7      | Found Efiheupn's Antique Weapon Shoppe.
  7897 | D:7      | Found a hide-covered altar of Uskayaw.
  8173 | D:8      | Noticed a two-headed ogre
  8342 | D:8      | Reached skill level 8 in Polearms
  8346 | D:8      | Found a sacrificial altar of Ru.
  8570 | D:8      | Found a shattered altar of Ashenzari.
  8691 | D:8      | Found a glowing silver altar of Zin.
  8718 | D:8      | Reached *** piety under Fedhas
  8737 | D:8      | Found a burning altar of Makhleb.
  8887 | D:8      | Got a smoking trident
  8888 | D:8      | Identified the cursed +1 trident of Imbalance {chaos, rF+
                  | Dex+2} (You found it on level 8 of the Dungeon)
  9411 | D:8      | Killed a two-headed ogre
  9411 | D:8      | Reached XP level 10. HP: 69/69 MP: 11/13
  9581 | D:8      | Lost mutation: You occasionally shout uncontrollably at
                  | your foes. [potion of mutation]
  9581 | D:8      | Lost mutation: You passively map a small area around you.
                  | [potion of mutation]
  9581 | D:8      | Gained mutation: Your natural rate of healing is unusually
                  | fast. [potion of mutation]
  9581 | D:8      | Gained mutation: You tend to lose your temper in combat.
                  | [potion of mutation]
  9581 | D:8      | Gained mutation: One of your tentacles bears a spike.
                  | [potion of mutation]
  9581 | D:8      | Gained mutation: You are partially covered in icy blue
                  | scales. (AC +2) [potion of mutation]
  9629 | D:9      | Reached skill level 9 in Polearms
  9816 | D:9      | Found a sparkling altar of Nemelex Xobeh.
 10504 | D:9      | Reached **** piety under Fedhas
 11175 | D:9      | Found a roughly hewn altar of Beogh.
 11175 | D:9      | Found a transporter.
 11402 | D:9      | Found a transporter.
 11407 | D:9      | Identified the +11 spear of the Wary Allies {freeze, *Slow
                  | rN++ Int+5}
 11417 | D:9      | Found an ornate altar of the Wu Jian Council.
 11712 | D:9      | Reached skill level 5 in Invocations
 11804 | D:9      | Learned a level 2 spell: Swiftness
 11876 | D:10     | Entered Level 10 of the Dungeon
 11876 | D:10     | Found Ymigar's Book Boutique.
 12013 | D:10     | Reached skill level 1 in Air Magic
 12068 | D:10     | Reached skill level 1 in Spellcasting
 12136 | D:10     | Reached XP level 11. HP: 75/75 MP: 15/15
 12202 | D:10     | Found a staircase to the Lair.
 12326 | D:10     | Reached ***** piety under Fedhas
 12384 | D:10     | Reached skill level 5 in Throwing
 12832 | D:11     | Found a portal to a secret trove of treasure.
 12891 | D:11     | Noticed a brown ugly thing
 12903 | D:11     | Killed a brown ugly thing
 12903 | D:11     | Reached skill level 10 in Polearms
 13019 | D:11     | Noticed a cyclops
 13024 | D:11     | Killed a cyclops
 13063 | D:11     | Noticed a wizard
 13068 | D:11     | Killed a wizard
 13235 | D:11     | Found a frozen archway.
 13242 | IceCv    | Entered an ice cave
 13270 | IceCv    | Learned a level 2 spell: Poisonous Vapours
 13439 | IceCv    | Reached skill level 1 in Poison Magic
 13486 | IceCv    | Noticed a death yak
 13514 | IceCv    | Killed a death yak
 13514 | IceCv    | Reached XP level 12. HP: 75/84 MP: 15/17
 14016 | IceCv    | Noticed a white draconian
 14016 | IceCv    | Noticed a death yak
 14048 | IceCv    | Killed a white draconian
 14274 | IceCv    | Killed a death yak
 14554 | D:11     | Noticed Nergalle
 14562 | D:11     | Killed Nergalle
 14562 | D:11     | Reached skill level 11 in Polearms
 14877 | D:11     | Reached ****** piety under Fedhas
 15276 | D:11     | Found a roughly hewn altar of Beogh.
 15299 | D:11     | Found a staircase to the Orcish Mines.
 16150 | D:11     | Noticed a centaur warrior
 16152 | D:11     | Noticed a deep troll earth mage
 16159 | D:11     | Killed a centaur warrior
 16282 | D:11     | Reached skill level 5 in Poison Magic
 16288 | D:11     | Noticed an anaconda
 16288 | D:11     | a deep troll changed into an anaconda
 16292 | D:11     | an anaconda changed into a tyrant leech
 16303 | D:11     | Noticed a five-headed hydra
 16310 | D:11     | Killed a five-headed hydra
 16547 | D:11     | Killed a deep troll earth mage
 16547 | D:11     | Reached XP level 13. HP: 50/91 MP: 15/19
 16821 | D:12     | Found a glowing golden altar of the Shining One.
 16969 | D:12     | Reached skill level 10 in Fighting
 17414 | D:12     | Learned a level 4 spell: Olgreb's Toxic Radiance
 17756 | D:12     | Lost mutation: One of your tentacles bears a spike. [potion
                  | of mutation]
 17756 | D:12     | Lost mutation: You tend to lose your temper in combat.
                  | [potion of mutation]
 17756 | D:12     | Lost mutation: You are partially covered in icy blue
                  | scales. (AC +2) [potion of mutation]
 17756 | D:12     | Gained mutation: Scrolls take you a little longer to read.
                  | [potion of mutation]
 17756 | D:12     | Gained mutation: You heal very quickly. [potion of
                  | mutation]
 17756 | D:12     | Gained mutation: You are partially covered in slimy green
                  | scales. (AC +2) [potion of mutation]
 17772 | D:13     | You fall into a shaft and drop 2 floors!
 17772 | D:15     | Entered Level 15 of the Dungeon
 17857 | D:14     | Noticed Frances
 17868 | D:14     | Killed Frances
 17920 | D:14     | Reached skill level 5 in Stealth
 17925 | D:14     | Identified the +6 scale mail of the Slightly Bent {rC++
                  | Regen+ MP+9 Str-2}
 18046 | D:14     | Noticed a storm dragon
 18052 | D:14     | Noticed a war gargoyle
 18072 | D:14     | Killed a storm dragon
 18075 | D:14     | Killed a war gargoyle
 18508 | Lair:1   | Entered Level 1 of the Lair of Beasts
 19033 | Lair:1   | You fall into a shaft and drop 1 floor!
 19375 | Lair:2   | Reached skill level 12 in Polearms
 19419 | Lair:2   | Reached XP level 14. HP: 99/99 MP: 20/20
 19945 | Lair:2   | Found a staircase to the Swamp.
 20073 | Lair:3   | Noticed Urug
 20086 | Lair:3   | Killed Urug
 20149 | Lair:3   | Reached skill level 10 in Shields
 20524 | D:10     | Got a smouldering trident
 20525 | D:10     | Identified the cursed +3 trident of Ashenzari {elec, rElec
                  | rN+ MR+++ Str-5} (You found it on level 10 of the Dungeon)
 20669 | Lair:3   | Found a hole to the Spider Nest.
 21673 | Lair:4   | Reached skill level 5 in Spellcasting
 22969 | Lair:6   | Entered Level 6 of the Lair of Beasts
 23630 | Lair:6   | Reached XP level 15. HP: 79/106 MP: 23/23
 23661 | Lair:6   | Reached skill level 13 in Polearms
 25326 | Lair:6   | Found a staircase to the Slime Pits.
 26791 | Orc:1    | Entered Level 1 of the Orcish Mines
 26813 | Orc:1    | Demolished by a stone giant

Illustrated notes

Levels and vault maps discovered:
D:1:      wander_arrival_chamber, layout_loops_ring
D:2:      layout_basic, lemuel_coloured_pillars_altar, fiery_altar_vehumet,
          marbit_many_paths
D:3:      gammafunk_steamed_eel, layout_rooms, trog_eyes_of_draining,
          cheibrodos_sewer_entry_drain, lemuel_old_faithful
D:4:      layout_rooms, grunt_qazlal_clouds, temple_doors_e,
          minmay_misc_feat_square, minmay_misc_feat_cross,
          nicolae_dithmenos_the_darkroom, uniq_duvessa
D:5:      layout_basic, okawaru_ov_weapons_minmay
D:6:      layout_loops_cross, serial_bayou, serial_bayou_shore_a,
          serial_bayou_ford_a, serial_bayou_pond_c, serial_bayou_pond_c,
          minmay_circle_x
D:7:      layout_loops_ring, kennysheep_little_box, lemuel_doored_altar,
          eat_drink_and_be_merry_uskayaw, serial_shops, shop_fountains,
          mrwooster_statue_mirror, minmay_misc_feat_pillars
D:8:      layout_cave_pods, lemuel_round_altar, overflow_temple_1_default,
          ashenzari_conservatory_becter, old_standard_altar,
          minmay_misc_feat_nine_boxes
D:9:      gammafunk_beogh_shrine, layout_stronghold, kennysheep_mini,
          lemuel_crystal_altar, kennysheep_nondescript, minmay_starry_boxes
D:10:     layout_irregular_city, erik_lair_orcish_takeover, serial_shops,
          nicolae_shop_waterfront, nicolae_two_hexagons
D:11:     layout_stronghold, david_orc_5, enter_trove_0,
          portal_ice_cave_entry_pillars_1, minmay_evil_grid, uniq_nergalle
D:12:     layout_long_grid, basic_altar
D:13:     layout_roguey [special_room_orc], grunt_vaults_entry_tiered,
          minmay_misc_feat_roman, uniq_rupert
D:14:     layout_loops_cross, basic_altar, grunt_decor_resistance,
          minmay_radiant, uniq_frances, uniq_roxanne, uniq_azrael
D:15:     grunt_enter_depths_hoard, layout_irregular_city, fedhas_altar_2,
          serial_shops, shop
Lair:1:   layout_cave_pods, serial_bayou_crossing
Lair:2:   layout_misc_corridors, minmay_swamp_entry_worms, serial_bayou_shore_b
Lair:3:   layout_roguey, nicolae_spider_entry_tight_spaces,
          chequers_serial_rivers_micro_c, zaba_antful_of_joy,
          minmay_lair_oklob_chamber, lemuel_fruit_tree, uniq_urug
Lair:4:   layout_hall_layers, grunt_megastairs_2
Lair:5:   layout_regular_city
Lair:6:   due_jungle_book, layout_loops_ring, minmay_slime_entry_pillars,
          bobbens_ice_dragon_lair
Orc:1:    layout_diamond_mine, serial_shops, nicolae_shop_crystal

Skill      XL: |  1  2  3  4  5  6  7  8  9 10 11 12 13 14 15 |
---------------+----------------------------------------------+-----
Polearms       | 3 4 5 6 7 8 9 10 11 12 13 | 13.3
Dodging        | 4 5 6 7 8 9 |  9.9
Shields        | 4 5 6 7 8 9 10 11 | 11.2
Fighting       | 4 5 6 7 8 9 10 11 | 11.4
Throwing       | 2 3 4 5 6 |  6.0
Invocations    | 1 4 5 6 8 |  8.7
Air Magic      | 1 3 |  3.0
Spellcasting   | 1 3 4 5 6 |  6.6
Poison Magic   | 2 5 6 8 |  8.0
Stealth        | 8 |  8.0

Action                   |  1- 3 |  4- 6 |  7- 9 | 10-12 | 13-15 || total
-------------------------+-------+-------+-------+-------+-------++-------
Melee: Trident           |    70 |   122 |   245 |       |   617 ||  1054
       Tentacles         |    15 |    25 |    62 |   111 |   209 ||   422
       Constrict         |    17 |    33 |    46 |    55 |    95 ||   246
       Spear             |       |       |    48 |   706 |   376 ||  1130
       Kick              |       |       |       |   167 |    24 ||   191
Throw: Dart              |       |       |    53 |    79 |    33 ||   165
       Javelin           |       |       |     6 |     4 |       ||    10
       Boomerang         |       |       |       |       |    14 ||    14
 Cast: Swiftness         |       |       |       |     1 |       ||     1
       Poisonous Vapours |       |       |       |       |     1 ||     1
Invok: Grow Ballistomyce |       |       |       |     1 |     7 ||     8
       Wall of Briars    |       |       |       |     1 |       ||     1
Evoke: Wand              |       |       |       |     1 |       ||     1
  Use: Potion            |     1 |       |     5 |     3 |     2 ||    11
       Scroll            |       |     7 |     7 |     4 |    17 ||    35
 Stab: Sleeping          |     3 |     6 |     3 |    12 |    23 ||    47
       Distracted        |     1 |       |       |     3 |     3 ||     7
       Confused          |       |       |       |     2 |    14 ||    16
Armor: Skin              |     7 |     4 |    15 |    36 |    72 ||   134
Dodge: Dodged            |    45 |    28 |    65 |   111 |   242 ||   491
Block: Kite shield       |    35 |    52 |   126 |   238 |   405 ||   856
       Reflection        |       |     2 |     4 |    22 |     7 ||    35

Table legend: (Time is in decaauts)
 A = Elapsed time spent in this place.
 B = Non-inter-level travel time spent in this place.
 C = Inter-level travel time spent in this place.
 D = Time resting spent in this place.
 E = Time spent auto-exploring this place.
 F = Levels seen in this place.
 G = Mean time per level.
                   A        B        C        D        E       F      G
               +--------+--------+--------+--------+--------+-----+--------+
         Total |  26321 |  24806 |   1515 |   8898 |  11017 |  24 | 1096.7 |
       Dungeon |  16546 |  15760 |    786 |   5387 |   7288 |  15 | 1103.1 |
          Lair |   7994 |   7266 |    728 |   2430 |   3459 |   6 | 1332.3 |
  Orcish Mines |     15 |     15 |      0 |      0 |      0 |   1 |   15.0 |
         Sewer |    584 |    584 |      0 |    400 |     90 |   1 |  584.0 |
      Ice Cave |   1180 |   1180 |      0 |    681 |    180 |   1 | 1180.0 |
               +--------+--------+--------+--------+--------+-----+--------+

Top non-repeatable levels by time:
  Lair:6: 2930 daAuts
    D:11: 2797 daAuts
     D:9: 2204 daAuts
     D:2: 1610 daAuts
     D:8: 1450 daAuts
     D:5: 1426 daAuts
  Lair:5: 1318 daAuts
  Lair:3: 1182 daAuts
   IceCv: 1180 daAuts
     D:1: 1085 daAuts
    D:10: 1081 daAuts
     D:3: 1020 daAuts
     D:6: 1000 daAuts
    D:12: 925 daAuts
  Lair:1: 899 daAuts
